 Dungeon Crawl Stone Soup version 0.27-a0-262-gc50aac273e (webtiles) character file.

Game seed: 13262005981634465414

86 kae the Ruffian (level 4, -2/36 HPs)
             Began as a Draconian Transmuter on Feb 4, 2021.
             Slain by a phantom (6 damage)
             ... on level 2 of the Dungeon.
             The game lasted 00:00:56 (2821 turns).

kae the Ruffian (Draconian Transmuter)              Turns: 2821, Time: 00:00:57

Health: -2/36      AC:  5    Str: 13    XL:     4   Next: 27%
Magic:  7/7        EV: 12    Int: 13    God:
Gold:   134        SH:  0    Dex: 12    Spells: 3/7 levels left

rFire    . . .     SeeInvis .     - Unarmed
rCold    . . .     Faith    .   (no shield)
rNeg     . . .     Spirit   .   (armour unavailable)
rPois    .         Reflect  .   (helmet restricted)
rElec    .         Harm     .   (no cloak)
rCorr    .         Rampage  .   (no gloves)
Will     .....                  (no boots)
Stlth    +.........             (no amulet)
HPRegen  0.12/turn              (no ring)
MPRegen  0.10/turn              (no ring)

@: no status effects
A: unfitting armour, cold-blooded, AC +5
a: no special abilities


You were on level 2 of the Dungeon.
You visited 1 branch of the dungeon, and saw 3 of its levels.

You collected 134 gold pieces.

Inventory:

Scrolls
 b - 3 scrolls of remove curse {unknown}
 c - 2 scrolls of magic mapping {unknown}
 d - a scroll of amnesia {unknown}
 e - 2 scrolls of identify {unknown}
 f - a scroll of teleportation {unknown}
 g - 2 scrolls of blinking {unknown}
 i - a scroll of fear {unknown}
Potions
 a - 4 potions of curing {unknown}
 h - a potion of ambrosia {unknown}
 j - a potion of flight {unknown}


   Skills:
 + Level 1.9 Fighting
 + Level 2.1 Dodging
 * Level 3.9 Unarmed Combat
 + Level 2.4 Spellcasting
 + Level 2.4 Transmutations
 * Level 0.8 Poison Magic


You had 3 spell levels left.
You knew the following spells:

 Your Spells              Type           Power        Failure   Level
a - Beastly Appendage     Tmut           14%          9%          1
b - Spider Form           Tmut/Pois      2%           36%         3

Your spell library contained the following spells:

 Spells                   Type           Power        Failure   Level
 Wereblood                Tmut           7%           14%         2
 Corona                   Hex            1%           24%         1
 Ensorcelled Hibernation  Hex/Ice        2%           36%         2
 Confusing Touch          Hex            1%           58%         3
 Dazzling Flash           Conj/Hex       2%           58%         3
 Tukima's Dance           Hex            1%           58%         3
 Ice Form                 Ice/Tmut       4%           82%         4
 Blade Hands              Tmut           3%           94%         5


Dungeon Overview and Level Annotations

Branches:
Dungeon (3/15)

Altars:


Innate Abilities, Weirdness & Mutations

Your plain brown scales are hard. (AC +5)
You cannot fit into any form of body armour.
You are cold-blooded and may be slowed by cold attacks.


Message History

You hit the phantom but do no damage. You tail-slap the phantom.
The phantom is heavily damaged.
The phantom hits you.
You closely miss the phantom.
The phantom is heavily damaged.
The phantom closely misses you.
You hit the phantom but do no damage.
The phantom is heavily damaged.
The phantom hits you.
* * * LOW HITPOINT WARNING * * *
The phantom blinks!
You blink.
You hit the phantom.
Your tail-slap misses the phantom.
The phantom is heavily damaged.
The phantom hits you.
* * * LOW HITPOINT WARNING * * *
The phantom blinks!
You blink.
You hit the phantom.
The phantom is severely damaged.
The phantom hits you.
You die...

############# ............#
....#...###.# ......#.# #.#
....#...###.#################
...###.###......@W.§...§>...#
#.## #.###..###############.#
#.####......# #.#
........###.###### #.#
.................# #.#
#...........####.# #.#
###...#.##.## #.# #.#
.....)).#...####.## #.#
###....÷..........# #.#


You could see a phantom.

Vanquished Creatures
  An adder (D:2)
  2 worms
  A dart slug (D:2)
  A leopard gecko (D:3)
  3 orcs (D:3)
  2 bats
  3 giant cockroaches
  10 goblins
  5 hobgoblins
  8 jackals (D:2)
  A quokka (D:2)
  2 ball pythons
  8 frilled lizards
  7 kobolds
  9 rats
63 creatures vanquished.

Notes
Turn   | Place    | Note
-------+----------+-------------------------------------------
     0 | D:1      | kae the Draconian Transmuter began the quest for the Orb.
     0 | D:1      | Reached XP level 1. HP: 16/16 MP: 3/3
   327 | D:1      | Reached XP level 2. HP: 13/23 MP: 3/5
  1197 | D:2      | Reached XP level 3. HP: 26/28 MP: 4/6
  1201 | D:2      | Learned a level 3 spell: Spider Form
  1831 | D:2      | Reached XP level 4. HP: 32/36 MP: 5/7
  2777 | D:3      | Noticed a phantom
  2821 | D:2      | Slain by a phantom

Illustrated notes

Levels and vault maps discovered:
D:1:      mrwooster_arrival_statue, layout_basic, serial_glass, glass_columns_c,
          glass_columns_b, glass_columns_b, glass_columns_a
D:2:      layout_loops_ring, kennysheep_generic_room_11
D:3:      minmay_chambers_of_threes, layout_loops_corners

Skill      XL: |  1  2 |
---------------+-------+-----
Dodging        | 2 |  2.1
Fighting       | |  1.9
Unarmed Combat | |  3.9
Spellcasting   | |  2.4
Transmutations | |  2.4
Poison Magic   | |  0.8

Action                   |  1- 3 |  4- 6 || total
-------------------------+-------+-------++-------
Melee: Unarmed           |   128 |    55 ||   183
       Headbutt          |    13 |     4 ||    17
       Kick              |    17 |     6 ||    23
       Tailslap          |    11 |     9 ||    20
       Punch             |     1 |     1 ||     2
 Cast: Beastly Appendage |    28 |    10 ||    38
Armor: Skin              |    42 |    11 ||    53
Dodge: Dodged            |   104 |    33 ||   137

Table legend: (Time is in decaauts)
 A = Elapsed time spent in this place.
 B = Non-inter-level travel time spent in this place.
 C = Inter-level travel time spent in this place.
 D = Time resting spent in this place.
 E = Time spent auto-exploring this place.
 F = Levels seen in this place.
 G = Mean time per level.
                   A        B        C        D        E       F      G
               +--------+--------+--------+--------+--------+-----+--------+
         Total |   2809 |   2741 |     68 |      0 |   2309 |   3 |  936.3 |
       Dungeon |   2809 |   2741 |     68 |      0 |   2309 |   3 |  936.3 |
               +--------+--------+--------+--------+--------+-----+--------+

Top non-repeatable levels by time:
     D:1: 1146 daAuts
     D:2: 1015 daAuts
     D:3: 646 daAuts
